 Dungeon Crawl Stone Soup version 0.28.0-53-g5a82cb258f (webtiles) character file.

Game seed: 1631026848142441884

283 wingedge the Sneak (level 6, -1/30 HPs)
             Began as a Spriggan Earth Elementalist on June 9, 2022.
             Slain by Duvessa
             ... wielding a +0 short sword
              (14 damage)
             ... on level 4 of the Dungeon.
             The game lasted 00:21:23 (3940 turns).

wingedge the Sneak (Spriggan Earth Elementalist)    Turns: 3940, Time: 00:21:26

Health: -1/30      AC:  3    Str:  4    XL:     6   Next: 7%
Magic:  5/13       EV: 18    Int: 19    God:
Gold:   121        SH:  0    Dex: 15    Spells: 12/13 levels left

rFire   . . .      SeeInvis +   s - +2 dagger (speed)
rCold   . . .      Faith    .   (no shield)
rNeg    . . .      Spirit   .   u - +0 animal skin
rPois   .          Reflect  .   r - +1 hat
rElec   .          Harm     .   (no cloak)
rCorr   .          Rampage  .   (gloves unavailable)
Will    ++...                   (boots unavailable)
Stlth   +++.......              (no amulet)
HPRegen 0.10/turn               d - ring of willpower
MPRegen 0.13/turn               (no ring)

@: very quick
A: very small, no large weapons, unfitting armour, see invisible, speed 3
a: no special abilities


You were on level 4 of the Dungeon.
You visited 1 branch of the dungeon, and saw 4 of its levels.

You collected 121 gold pieces.

Inventory:

Hand Weapons
 h - a +0 short sword of speed
 s - a +2 dagger of speed (weapon)
Missiles
 c - 40 stones
 i - 26 bolts
 l - 56 arrows
 p - 2 boomerangs
Armour
 b - a +0 robe
 q - a +0 buckler
 r - a +1 hat (worn)
 u - a +0 animal skin (worn)
Magical Staves
 g - a staff of air
 k - a staff of cold
Jewellery
 d - a ring of willpower (left hand)
Scrolls
 f - a scroll of teleportation
 j - 2 scrolls of silence
 m - a scroll of noise
 t - a scroll of blinking {unknown}
Potions
 a - a potion of curing
 e - a potion of mutation
 n - a potion of berserk rage
 o - 2 potions of flight {unknown}


   Skills:
 - Level 1.0 Fighting
 - Level 1.0 Short Blades
 + Level 3.9 Dodging
 + Level 4.9 Stealth
 + Level 0.4 Unarmed Combat
 - Level 4.0 Spellcasting
 - Level 1.0 Conjurations
 + Level 1.0 Hexes
 + Level 1.4 Translocations
 + Level 2.9 Transmutations
 + Level 3.3 Earth Magic


You had 12 spell levels left.
You knew the following spells:

 Your Spells              Type           Power      Damage    Failure   Level
a - Sandblast             Erth           32%        2d9       3%          1

Your spell library contained the following spells:

 Spells                   Type           Power      Damage    Failure   Level
 Passwall                 Tmut/Erth      12%        N/A       6%          2
 Pain                     Necr           12%        1d4       14%         1
 Stone Arrow              Conj/Erth      22%        3d8       17%         3
 Portal Projectile        Hex/Tloc       16%        N/A       24%         3
 Petrify                  Tmut/Erth      15%        N/A       36%         4
 Blade Hands              Tmut           7%         N/A       75%         5
 Agony                    Necr           3%         N/A       98%         5
 Excruciating Wounds      Necr           1%         N/A       98%         5


Dungeon Overview and Level Annotations

Branches:
Dungeon (4/15)
 Temple: D:4-7

Altars:
Wu Jian

Shops:
D:3 (

Annotations:
D:4 Duvessa


Innate Abilities, Weirdness & Mutations

You are very small and have problems with some larger weapons.
You are too small for most types of armour.
You have supernaturally acute eyesight. (SInv)
You cover ground extremely quickly. (Speed+++)


Message History

Aiming: Sandblast (safe; 3% risk of failure)
Press: ? - help, Shift-Dir - straight line, f/p - Dowan
Aim: Dowan, wielding a +0 quarterstaff and wearing a +0 robe (almost dead, 71% to hit)
The blast of sand hits Dowan.
You kill Dowan!
You hear a distant scream of rage.
Training target 4.0 for Spellcasting reached!
Your Spellcasting skill increases to level 4!
Your Hexes skill increases to level 1!
You have reached level 6!
Casting: Sandblast (safe; 3% risk of failure)
Confirm with . or Enter, or press ? or * to list all spells.
Aiming: Sandblast (safe; 3% risk of failure)
Press: ? - help, Shift-Dir - straight line, f - hobgoblin
Aim: a hobgoblin (79% to hit)
The blast of sand hits the hobgoblin!
You kill the hobgoblin!
Duvessa shouts!
Duvessa goes berserk!
Duvessa rages.
Items here: ! ) [ †.
o - 2 sapphire potions (gained 1)
A water moccasin skeleton comes into view.
Casting: Sandblast (safe; 3% risk of failure)
Confirm with . or Enter, or press ? or * to list all spells.
Aiming: Sandblast (safe; 3% risk of failure)
Press: ? - help, Shift-Dir - straight line, f - Duvessa
Aim: Duvessa, wielding a +0 short sword and wearing a +0 ring mail (berserk, fast, 85% to hit)
The blast of sand hits Duvessa.
Duvessa is lightly wounded.
Okay, then.
Casting: Sandblast (safe; 3% risk of failure)
Confirm with . or Enter, or press ? or * to list all spells.
Aiming: Sandblast (safe; 3% risk of failure)
Press: ? - help, Shift-Dir - straight line, f/p - Duvessa
Aim: Duvessa, wielding a +0 short sword and wearing a +0 ring mail (berserk, fast, 85% to hit)
The blast of sand hits Duvessa.
Duvessa is lightly wounded.
Duvessa hits you with a +0 short sword!
You die...

.)<## ##.Z. #....
...e #..# #..#
#.e######.#
#..@......#
##.######## #.#
#.# # #)#
...##.#)#########
........))......#
.>.##.#.#######.#
#.... #.#


You could see Duvessa (berserk, fast) and a water moccasin skeleton.

Vanquished Creatures
  Dowan (D:4)
  An orc priest (D:3)
  A gnoll shaman (D:4)
  Robin (D:4)
  3 gnolls (D:4)
  3 adders
  3 worms
  2 dart slugs
  4 orcs
  3 ball pythons (D:2)
  8 bats
  8 endoplasms
  5 giant cockroaches
  9 goblins
  7 hobgoblins
  9 jackals (D:1)
  7 quokkas
  3 frilled lizards
  10 kobolds
  4 rats
92 creatures vanquished.

Notes
Turn   | Place    | Note
-------+----------+-------------------------------------------
     0 | D:1      | wingedge the Spriggan Earth Elementalist began the quest
                  | for the Orb.
     0 | D:1      | Reached XP level 1. HP: 9/9 MP: 5/5
   403 | D:1      | Reached XP level 2. HP: 13/13 MP: 0/6
  1097 | D:2      | Reached XP level 3. HP: 16/16 MP: 8/8
  2021 | D:2      | Reached XP level 4. HP: 21/21 MP: 10/10
  2596 | D:3      | Noticed a scorpion
  3125 | D:3      | Found an ornate altar of the Wu Jian Council.
  3140 | D:3      | Reached skill level 1 in Conjurations
  3140 | D:3      | Reached XP level 5. HP: 19/25 MP: 11/11
  3425 | D:3      | Found Busen's Weapon Boutique.
  3553 | D:4      | Reached skill level 1 in Short Blades
  3561 | D:4      | Reached skill level 1 in Fighting
  3711 | D:4      | Reached skill level 1 in Translocations
  3760 | D:4      | Noticed Robin
  3816 | D:4      | Killed Robin
  3922 | D:4      | Noticed Duvessa
  3922 | D:4      | Noticed Dowan
  3934 | D:4      | Killed Dowan
  3935 | D:4      | Reached skill level 1 in Hexes
  3935 | D:4      | Reached XP level 6. HP: 13/30 MP: 7/13
  3940 | D:4      | Slain by Duvessa

Illustrated notes

Levels and vault maps discovered:
D:1:      amcnicky_arrival_feature_with_door, layout_basic
D:2:      minmay_inner_zag, layout_loops_ring
D:3:      layout_rooms, nicolae_wu_jian_immortal_techniques, serial_shops,
          nicolae_shop_bloodbath_and_beyond, supply_closet_lemuel
D:4:      layout_loops_corners, uniq_robin, uniq_duvessa

Skill      XL: |  1  2  3  4  5 |
---------------+----------------+-----
Dodging        | 3 |  3.9
Spellcasting   | 3 4 |  4.0
Transmutations | 2 |  2.9
Earth Magic    | 3 |  3.3
Stealth        | 4 |  4.9
Conjurations   | 1 |  1.0
Short Blades   | 1 |  1.0
Fighting       | 1 |  1.0
Translocations | 1 |  1.4
Hexes          | 1 |  1.0
Unarmed Combat | |  0.4

Action                   |  1- 3 |  4- 6 || total
-------------------------+-------+-------++-------
Melee: Dagger            |    14 |    45 ||    59
       Short sword       |     6 |       ||     6
 Cast: Sandblast         |    67 |    69 ||   136
  Use: Scroll            |       |     6 ||     6
       Potion            |       |     1 ||     1
 Stab: Sleeping          |     4 |     6 ||    10
Armor: Robe              |     3 |    10 ||    13
Dodge: Dodged            |    30 |    39 ||    69
